 Dungeon Crawl Stone Soup version 0.30.0-29-ga12c61a403 (webtiles) character file.

Game seed: 15152615304978314218

4355 qw the Cleaver (level 10, 0/65 HPs)
             Began as a Gargoyle Fighter on June 4, 2023.
             Was a Priest of Okawaru.
             Slain by a vampire (10 damage)
             ... on level 7 of the Dungeon.
             The game lasted 00:03:38 (5036 turns).

qw the Cleaver (Gargoyle Fighter)                   Turns: 5036, Time: 00:03:39

Health: 0/65       AC: 23    Str: 24    XL:     10   Next: 34%
Magic:  13/13      EV: 15    Int:  9    God:    Okawaru [***...]
Gold:   381        SH:  5    Dex:  9    Spells: 9/9 levels left

rFire   . . .        b - +0 war axe
rCold   . . .        c - +0 buckler
rNeg    + . .        n - +0 chain mail
rPois   inf          h - +0 helmet
rElec   +            i - +0 cloak
rCorr   .            (no gloves)
SInv    .            r - +0 pair of boots
Will    .....        (no amulet) Stlth
                     e - +5 ring of evasion
HPRegen 0.30/turn    s - +4 ring of slaying {mikee}
MPRegen 0.13/turn

%: no passive effects
@: heroic
A: sickness immunity, AC +7, negative energy resistance 1, electricity
resistance, torment resistance 1, petrification resistance
a: Renounce Religion, Heroism


You were on level 7 of the Dungeon.
You worshipped Okawaru.
Okawaru was most pleased with you.
You visited 1 branch of the dungeon, and saw 7 of its levels.

You collected 381 gold pieces.


Innate Abilities, Weirdness & Mutations

You are immune to sickness and miasma.
Your stone body is resilient. (AC +7)
You are immune to poison.
You resist negative energy. (rN+)
You are resistant to electric shocks. (rElec)
You are resistant to unholy torment.
You are immune to petrification.


   Skills:
 - Level 8.9(13.9) Fighting
 - Level 10.0(15.0) Axes
 - Level 1.2(6.2) Throwing
 - Level 6.0(11.0) Armour
 - Level 1.0(6.0) Dodging
 + Level 4.0(9.0) Shields
 - Level 4.1 Invocations


You had 9 spell levels left.
You didn't know any spells.
Your spell library was empty.

Inventory:

Hand Weapons
 b - a +0 war axe (weapon)
 m - a +5 morningstar
Missiles
 g - 4 boomerangs (quivered)
Armour
 c - a +0 buckler (worn)
 h - a +0 helmet (worn)
 i - a +0 cloak (worn)
 n - a +0 chain mail (worn)
 r - a +0 pair of boots (worn)
 u - a +0 plate armour
Jewellery
 e - a +5 ring of evasion (left hand)
 s - a +4 ring of slaying (right hand) {mikee}
 Y - a ring of protection from cold
Scrolls
 l - 4 scrolls of identify
 p - 3 scrolls of teleportation
Potions
 a - a potion of magic
 d - 2 potions of might
 f - a potion of attraction
 j - a potion of brilliance {unknown}
 k - 2 potions of cancellation
 q - 2 potions of resistance
 t - a potion of degeneration {unknown}

Dungeon Overview and Level Annotations

Branches:
Dungeon (7/15)             Temple (0/1) D:5

Altars:
Ashenzari
Fedhas
Nemelex Xobeh
Okawaru
Ru
Sif Muna
Trog
Xom

Shops:
D:1 *

Annotations:
D:4 1 runed translucent door, Crazy Yiuf
D:5 3 runed translucent doors, qw's ghost, novice GrFi
D:7 2 runed translucent doors


Message History

You slash the two-headed ogre!
The two-headed ogre is heavily wounded.
You closely miss the vampire.
The two-headed ogre hits you with a +0 giant club!
The two-headed ogre barely misses you. The vampire closely misses you.
The vampire barely misses you.
You slash the two-headed ogre!
The two-headed ogre is severely wounded.
You slash the vampire! The vampire casts a spell at you.
You are confused.
The two-headed ogre hits you with a +0 giant club. x2
The vampire barely misses you. The vampire closely misses you.
5030 ||| DRINKING potion of heal wounds.
You feel much better.
The vampire hits you but does no damage.
The vampire bites you but does no damage.
The two-headed ogre closely misses you. The two-headed ogre misses you.
The vampire hits you but does no damage.
The vampire misses you.
The two-headed ogre barely misses you. x2; The vampire hits you.
The vampire barely misses you.
The two-headed ogre hits you with a +0 giant club!
The two-headed ogre misses you. The vampire misses you.
The vampire bites you but does no damage.
You feel less confused.
The vampire hits you but does no damage.
The vampire bites you!
You slash the two-headed ogre!
The two-headed ogre is almost dead.
You slash the vampire!
The two-headed ogre hits you with a +0 giant club!
The two-headed ogre closely misses you.
You slice the two-headed ogre!!
You kill the two-headed ogre!
Okawaru is honoured by your kill.
Okawaru will now gift you throwing weapons as you gain piety.
You hit the vampire but do no damage. The vampire hits you!
The vampire bites you!
You die...

# ..## .#..## .###..###
.#[###..####
...BH###o..##
.#!###V@###.##
.###..######.##
.#..#####.###.## ..#
##.#.## ##.#######
#####.#.#.# ##......#
###.#.#.#.## ##.#######
##).#.#)#.#.###.## ###
#.##.#.#.#.###.## ###..
#)#####.#)#.#.#####.#.#


You could see a boulder beetle, a manticore, a vampire and an orc wizard.

Vanquished Creatures
  2 two-headed ogres (D:7)
  A troll (D:7)
  A vampire (D:7)
  A wyvern (D:7)
  3 yaks (D:6)
  A steam dragon (D:6)
  A water moccasin (D:6)
  Duvessa (D:6)
  An ice beast (D:7)
  4 orc warriors
  2 sky beasts
  2 black bears
  2 ogres (D:5)
  A centaur (D:5)
  A phantom (D:6)
  2 scorpions
  3 wights (D:7)
  Dowan (D:6)
  A howler monkey (D:3)
  6 hounds
  2 jellies
  2 gnoll boudas
  3 orc priests
  Natasha (thrice) (D:3)
  3 iguanas (D:5)
  6 orc wizards
  Terence (D:2)
  Robin (D:3)
  11 gnolls
  7 adders
  A shadow imp (D:4)
  2 white imps
  2 ufetubi
  A worm (D:4)
  2 dart slugs (D:1)
  21 orcs
  10 endoplasms
  2 giant cockroaches
  11 goblins
  6 hobgoblins
  2 jackals (D:2)
  3 quokkas
  5 ball pythons
  4 bats
  5 frilled lizards
  8 kobolds
  3 rats (D:1)
164 creatures vanquished.

Notes
Turn   | Place    | Note
-------+----------+-------------------------------------------
     0 | D:1      | qw the Gargoyle Fighter began the quest for the Orb.
     0 | D:1      | Reached XP level 1. HP: 14/14 MP: 1/1
     0 | D:1      | 0 ||| qw: Version: 0.2-a-106-g05974ce
     0 | D:1      | 0 ||| qw: Game counter: 1145
     0 | D:1      | 0 ||| qw: Always use a shield: true
     0 | D:1      | 0 ||| qw: God list: Okawaru
     0 | D:1      | 0 ||| qw: Allow faded altars: false
     0 | D:1      | 0 ||| qw: Do Orc after D:15 true
     0 | D:1      | 0 ||| qw: Do second Lair branch before Depths: true
     0 | D:1      | 0 ||| qw: Lair rune preference: random
     0 | D:1      | 0 ||| qw: Plans: Normal, Zot:1-4, Slime:5, God:TSO, Crypt,
                  | Tomb, Abyss, Pan, Hells, Win
     0 | D:1      | 0 ||| PLANNING D:1-11
    93 | D:1      | 93 ||| Stepping ~*~*~tactically~*~*~ (hiding).
   107 | D:1      | Reached skill level 2 in Axes
   107 | D:1      | Found a faded altar of an unknown god.
   135 | D:1      | 135 ||| UPGRADING to +5 ring of evasion.
   162 | D:1      | 162 ||| Stepping ~*~*~tactically~*~*~ (stealth).
   169 | D:1      | Reached XP level 2. HP: 19/19 MP: 2/2
   169 | D:1      | 169 ||| READING scroll labelled YRGHIM GEHUP.
   219 | D:1      | 219 ||| Stepping ~*~*~tactically~*~*~ (stealth).
   241 | D:1      | 241 ||| Stepping ~*~*~tactically~*~*~ (stealth).
   242 | D:1      | 242 ||| Stepping ~*~*~tactically~*~*~ (stealth).
   243 | D:1      | 243 ||| Stepping ~*~*~tactically~*~*~ (stealth).
   320 | D:1      | Reached skill level 3 in Axes
   320 | D:1      | Found Jiwkom's Assorted Antiques.
   331 | D:1      | 331 ||| SHOPLISTING cloak (112 gold, have 9).
   331 | D:1      | 331 ||| SHOPLISTING glowing broad axe (175 gold, have 9).
   331 | D:1      | 331 ||| SHOPLISTING scroll labelled DIUDICZYIVO (25 gold,
                  | have 9).
   331 | D:1      | 331 ||| SHOPLISTING scroll of teleportation (75 gold, have
                  | 9).
   366 | D:1      | 366 ||| DROPPING +0 whip.
   458 | D:1      | Reached XP level 3. HP: 23/23 MP: 3/3
   533 | D:1      | 533 ||| UPGRADING to +3 ring mail.
   543 | D:1      | 543 ||| DROPPING +0 scale mail.
   544 | D:1      | 544 ||| UPGRADING to ring of willpower.
   545 | D:1      | 545 ||| READING scroll labelled TIORAT BAXU.
   546 | D:1      | 546 ||| READING 2 scrolls labelled DENUOKU UCVIL.
   589 | D:2      | Noticed Terence
   598 | D:2      | Killed Terence
   599 | D:2      | Reached skill level 4 in Axes
   599 | D:2      | Reached XP level 4. HP: 28/28 MP: 4/4
   601 | D:2      | 601 ||| DROPPING +0 whip of electrocution.
   982 | D:2      | 982 ||| UPGRADING to +0 chain mail.
   992 | D:2      | 992 ||| DROPPING +3 ring mail.
   993 | D:2      | 993 ||| UPGRADING to ring of protection from cold.
   995 | D:2      | 995 ||| READING 2 scrolls of identify.
   995 | D:2      | 995 ||| IDENTIFYING metallic brown potion
  1045 | D:3      | 1045 ||| Stepping ~*~*~tactically~*~*~ (hiding).
  1055 | D:3      | HP: 2/28 [orc priest/divine providence (16)]
  1056 | D:3      | 1056 ||| READING 3 scrolls of teleportation.
  1059 | D:3      | Reached XP level 5. HP: 3/32 MP: 5/5
  1061 | D:3      | 1061 ||| FLEEEEING.
  1062 | D:3      | 1062 ||| FLEEEEING.
  1063 | D:3      | 1063 ||| READING 2 scrolls of teleportation.
  1068 | D:3      | 1068 ||| READING scroll of teleportation.
  1181 | D:3      | 1181 ||| Stepping ~*~*~tactically~*~*~ (stealth).
  1212 | D:3      | 1212 ||| Stepping ~*~*~tactically~*~*~ (stealth).
  1249 | D:3      | Noticed Robin
  1267 | D:3      | Killed Robin
  1268 | D:3      | Reached skill level 5 in Axes
  1304 | D:3      | 1304 ||| Stepping ~*~*~tactically~*~*~ (stealth).
  1305 | D:3      | 1305 ||| Stepping ~*~*~tactically~*~*~ (stealth).
  1321 | D:3      | 1321 ||| Stepping ~*~*~tactically~*~*~ (stealth).
  1325 | D:3      | 1325 ||| Stepping ~*~*~tactically~*~*~ (stealth).
  1376 | D:3      | 1376 ||| Stepping ~*~*~tactically~*~*~ (stealth).
  1381 | D:3      | 1381 ||| Stepping ~*~*~tactically~*~*~ (stealth).
  1450 | D:3      | Found a sacrificial altar of Ru.
  1645 | D:3      | Reached XP level 6. HP: 38/39 MP: 6/6
  1734 | D:3      | Noticed Natasha
  1735 | D:3      | 1735 ||| Stepping ~*~*~tactically~*~*~ (hiding).
  1751 | D:3      | Killed Natasha
  1877 | D:3      | Noticed Natasha
  1878 | D:3      | 1878 ||| Stepping ~*~*~tactically~*~*~ (stealth).
  1888 | D:3      | Killed Natasha
  1920 | D:3      | Noticed Natasha
  1926 | D:3      | Killed Natasha
  2032 | D:3      | 2032 ||| UPGRADING to +0 helmet.
  2037 | D:3      | 2037 ||| READING scroll labelled DENUIRGH BIVO.
  2038 | D:3      | 2038 ||| DRINKING 2 clear potions.
  2039 | D:3      | 2039 ||| READING 3 scrolls of identify.
  2039 | D:3      | 2039 ||| IDENTIFYING orange potion
  2040 | D:3      | 2040 ||| READING 2 scrolls of identify.
  2040 | D:3      | 2040 ||| IDENTIFYING metallic green potion
  2041 | D:3      | 2041 ||| DROPPING potion of ambrosia.
  2105 | D:4      | 2105 ||| Stepping ~*~*~tactically~*~*~ (stealth).
  2106 | D:4      | 2106 ||| Stepping ~*~*~tactically~*~*~ (stealth).
  2134 | D:4      | Noticed a black bear
  2145 | D:4      | Killed a black bear
  2146 | D:4      | Reached skill level 6 in Axes
  2146 | D:4      | Reached XP level 7. HP: 40/44 MP: 7/7
  2223 | D:4      | Found a blossoming altar of Fedhas.
  2324 | D:4      | Found an iron altar of Okawaru.
  2325 | D:4      | 2325 ||| PLANNING OKAWARU WORSHIP
  2325 | D:4      | 2325 ||| READING scroll labelled DIUDICZYIVO.
  2326 | D:4      | 2326 ||| READING scroll labelled COMNEO KYNWYS.
  2343 | D:4      | Reached skill level 1 in Dodging
  2343 | D:4      | 2343 ||| READING scroll labelled EBRIQITUAL.
  2344 | D:4      | 2344 ||| DRINKING 3 red potions.
  2345 | D:4      | 2345 ||| READING 3 scrolls of identify.
  2345 | D:4      | 2345 ||| IDENTIFYING bubbling red potion
  2346 | D:4      | 2346 ||| DROPPING potion of berserk rage.
  2363 | D:4      | Became a worshipper of Warmaster Okawaru
  2363 | D:4      | 2363 ||| PLANNING D:1-11
  2501 | D:4      | Found a shimmering altar of Xom.
  2591 | D:4      | Found a runed translucent door.
  2592 | D:4      | Noticed Crazy Yiuf
  2697 | D:4      | 2697 ||| READING scroll labelled EDAMUCROUDU.
  2720 | D:5      | Entered Level 5 of the Dungeon
  2720 | D:5      | Found a broken altar of Ashenzari.
  2778 | D:5      | 2778 ||| Stepping ~*~*~tactically~*~*~ (hiding).
  2831 | D:5      | 2831 ||| Stepping ~*~*~tactically~*~*~ (stealth).
  2892 | D:5      | Found a bloodstained altar of Trog.
  2893 | D:5      | 2893 ||| DROPPING +3 mace of protection.
  2917 | D:5      | Noticed qw's ghost (novice GrFi)
  2955 | D:5      | Found a staircase to the Ecumenical Temple.
  2960 | D:5      | 2960 ||| Stepping ~*~*~tactically~*~*~ (hiding).
  2961 | D:5      | 2961 ||| Stepping ~*~*~tactically~*~*~ (hiding).
  2962 | D:5      | 2962 ||| Stepping ~*~*~tactically~*~*~ (hiding).
  2963 | D:5      | 2963 ||| Stepping ~*~*~tactically~*~*~ (hiding).
  2968 | D:5      | Reached skill level 7 in Axes
  3054 | D:5      | 3054 ||| Stepping ~*~*~tactically~*~*~ (stealth).
  3055 | D:5      | 3055 ||| Stepping ~*~*~tactically~*~*~ (stealth).
  3057 | D:5      | 3057 ||| Stepping ~*~*~tactically~*~*~ (hiding).
  3063 | D:5      | Reached skill level 1 in Throwing
  3063 | D:5      | 3063 ||| Stepping ~*~*~tactically~*~*~ (stealth).
  3080 | D:5      | Reached XP level 8. HP: 24/49 MP: 8/8
  3221 | D:5      | 3221 ||| Stepping ~*~*~tactically~*~*~ (hiding).
  3245 | D:5      | Reached * piety under Okawaru
  3281 | D:5      | Found a runed translucent gate.
  3281 | D:5      | Found a runed translucent gate.
  3283 | D:5      | Found a runed translucent gate.
  3309 | D:5      | Reached skill level 1 in Invocations
  3419 | D:5      | 3419 ||| Stepping ~*~*~tactically~*~*~ (stealth).
  3426 | D:5      | 3426 ||| Stepping ~*~*~tactically~*~*~ (stealth).
  3427 | D:5      | 3427 ||| Stepping ~*~*~tactically~*~*~ (stealth).
  3430 | D:5      | 3430 ||| Stepping ~*~*~tactically~*~*~ (stealth).
  3566 | D:5      | 3566 ||| INVOKING Heroism.
  3586 | D:5      | Reached skill level 8 in Axes
  3778 | D:5      | Found a sparkling altar of Nemelex Xobeh.
  3878 | D:5      | 3878 ||| UPGRADING to +0 pair of boots.
  3883 | D:5      | 3883 ||| DROPPING ring of willpower.
  3884 | D:5      | 3884 ||| UPGRADING to +4 ring of slaying {mikee}.
  3886 | D:5      | 3886 ||| READING 2 scrolls of identify.
  3886 | D:5      | 3886 ||| IDENTIFYING cyan potion
  3908 | D:6      | 3908 ||| Stepping ~*~*~tactically~*~*~ (stealth).
  3909 | D:6      | 3909 ||| Stepping ~*~*~tactically~*~*~ (stealth).
  3910 | D:6      | 3910 ||| INVOKING Heroism.
  3932 | D:6      | Noticed a yak
  3933 | D:6      | Noticed a yak
  3933 | D:6      | Noticed a yak
  3934 | D:6      | 3934 ||| Stepping ~*~*~tactically~*~*~ (stealth).
  3944 | D:6      | Killed a yak
  3944 | D:6      | HP: 12/51 [yak (1)]
  3945 | D:6      | Reached skill level 6 in Fighting
  3945 | D:6      | 3945 ||| READING scroll of teleportation.
  3946 | D:6      | 3946 ||| DRINKING potion of heal wounds.
  3948 | D:6      | Found a shimmering blue altar of Sif Muna.
  4012 | D:6      | 4012 ||| Stepping ~*~*~tactically~*~*~ (stealth).
  4015 | D:6      | Killed a yak
  4020 | D:6      | Killed a yak
  4021 | D:6      | Reached skill level 3 in Invocations
  4021 | D:6      | Reached XP level 9. HP: 56/56 MP: 9/11
  4123 | D:6      | 4123 ||| INVOKING Heroism.
  4134 | D:6      | 4134 ||| Stepping ~*~*~tactically~*~*~ (cloud).
  4378 | D:6      | Noticed Duvessa
  4378 | D:6      | Noticed Dowan
  4379 | D:6      | 4379 ||| Stepping ~*~*~tactically~*~*~ (stealth).
  4381 | D:6      | 4381 ||| INVOKING Heroism.
  4387 | D:6      | Killed Duvessa
  4388 | D:6      | Reached skill level 9 in Axes
  4391 | D:6      | Killed Dowan
  4447 | D:6      | 4447 ||| DRINKING 2 potions of curing.
  4447 | D:6      | 4447 ||| (to cure confusion)
  4452 | D:6      | 4452 ||| FLEEEEING.
  4583 | D:6      | 4583 ||| Invisibility monster not found???
  4585 | D:6      | 4585 ||| DRINKING potion of curing.
  4585 | D:6      | 4585 ||| (to cure confusion)
  4592 | D:6      | 4592 ||| UPGRADING to +0 cloak.
  4633 | D:7      | 4633 ||| DROPPING +0 flail.
  4639 | D:7      | 4639 ||| INVOKING Heroism.
  4694 | D:7      | 4694 ||| DROPPING +0 morningstar.
  4721 | D:7      | Found a runed translucent door.
  4724 | D:7      | Found a runed translucent door.
  4736 | D:7      | 4736 ||| Stepping ~*~*~tactically~*~*~ (hiding).
  4744 | D:7      | 4744 ||| INVOKING Heroism.
  4835 | D:7      | 4835 ||| INVOKING Heroism.
  4855 | D:7      | 4855 ||| Stepping ~*~*~tactically~*~*~ (stealth).
  4858 | D:7      | 4858 ||| DROPPING +0 heavy hand axe.
  4867 | D:7      | 4867 ||| Stepping ~*~*~tactically~*~*~ (stealth).
  4874 | D:7      | Reached ** piety under Okawaru
  4879 | D:7      | Reached skill level 10 in Axes
  4908 | D:7      | 4908 ||| INVOKING Heroism.
  4919 | D:7      | Reached XP level 10. HP: 59/63 MP: 11/13
  4942 | D:7      | 4942 ||| INVOKING Heroism.
  4958 | D:7      | 4958 ||| Stepping ~*~*~tactically~*~*~ (stealth).
  4959 | D:7      | 4959 ||| Stepping ~*~*~tactically~*~*~ (stealth).
  4960 | D:7      | 4960 ||| Stepping ~*~*~tactically~*~*~ (stealth).
  4975 | D:7      | 4975 ||| INVOKING Heroism.
  4979 | D:7      | Reached skill level 6 in Armour
  5010 | D:7      | Noticed a two-headed ogre
  5010 | D:7      | Noticed a manticore
  5010 | D:7      | Noticed a boulder beetle
  5010 | D:7      | Noticed a two-headed ogre
  5012 | D:7      | 5012 ||| INVOKING Heroism.
  5025 | D:7      | Killed a two-headed ogre
  5029 | D:7      | HP: 14/65 [two-headed ogre/+0 giant club (5)]
  5030 | D:7      | 5030 ||| DRINKING potion of heal wounds.
  5036 | D:7      | Killed a two-headed ogre
  5036 | D:7      | Reached *** piety under Okawaru
  5036 | D:7      | HP: 10/65 [vampire (10)]
  5036 | D:7      | Slain by a vampire

Levels and vault maps discovered:
D:1:      sevenhm_arrival_forest_fort_small_4, layout_basic,
          chequers_ecumenical_altar_island, serial_shops, nicolae_square_shop,
          minivault_25, nicolae_grassy_gnolls
D:2:      wander_river, layout_rooms, uniq_terence
D:3:      layout_basic, mainiacjoe_overflow_catwalk,
          chequers_serial_rivers_micro_d, dk_noncrumbling_3, uniq_robin,
          uniq_natasha
D:4:      layout_basic, marbit_many_paths, xom_teletrap_fun,
          mainiacjoe_overflow_boulevard, uniq_crazy_yiuf_cottage
D:5:      layout_basic, ashenzari_conservatory_becter,
          mainiacjoe_overflow_alcove_2, nemelex_altar_shiori,
          minmay_temple_entry_sparse_star, gammafunk_ghost_icy
D:6:      layout_rooms, led_sif_book, uniq_duvessa
D:7:      minmay_the_grid_triangle_9x9_rhombus_full
          [minmay_the_grid_triangle_9x9_tough_junction,
          minmay_the_grid_triangle_9x9_swiss_cheese,
          minmay_the_grid_triangle_9x9_zippers_vertical,
          minmay_the_grid_triangle_9x9_windchime,
          minmay_the_grid_triangle_9x9_skeleton,
          minmay_the_grid_triangle_9x9_minimal,
          minmay_the_grid_triangle_9x9_checkered,
          minmay_the_grid_triangle_9x9_prize_top_heavy], layout_basic,
          uniq_prince_ribbit1

Skill      XL: |  1  2  3  4  5  6  7  8  9 10 |
---------------+-------------------------------+-----
Axes           | 2 3 4 5 6 7 8 10 | 10.0
Fighting       | 4 5 6 7 8 |  8.9
Dodging        | 1 |  1.0
Throwing       | 1 |  1.2
Invocations    | 3 4 |  4.1
Armour         | 4 5 6 |  6.0
Shields        | 4 |  4.0

Action                     |  1- 3 |  4- 6 |  7- 9 | 10-12 || total
---------------------------+-------+-------+-------+-------++-------
  Melee: War axe           |    74 |   147 |   258 |    29 ||   508
  Throw: Boomerang         |       |       |    48 |     3 ||    51
 Invoke: Heroism           |       |       |     8 |     3 ||    11
    Use: Scroll            |     3 |     7 |     7 |       ||    17
         Potion            |       |     1 |     4 |     1 ||     6
 Armour: Scale mail        |    21 |       |       |       ||    21
         Ring mail         |     2 |     3 |       |       ||     5
         Chain mail        |       |    55 |   121 |     9 ||   185
  Dodge: Dodged            |    38 |   104 |   166 |    31 ||   339
  Block: Buckler           |    19 |    24 |    52 |     3 ||    98

Table legend:
 A = Non-vault XP
 B = Vault XP
 C = Vault XP percentage of total XP
 D = Non-vault monster count
 E = Vault monster count
 F = Vault count percentage of total count
                 A         B        C        D         E       F
            +---------+---------+-------+---------+---------+-------
      Total |    3321 |    3712 |  52.8 |     128 |      36 |  22.0
            +---------+---------+-------+---------+---------+-------
        D:1 |      37 |      15 |  28.8 |      22 |       1 |   4.3
        D:2 |      43 |      32 |  42.7 |      11 |       1 |   8.3
        D:3 |     346 |      69 |  16.6 |      28 |      12 |  30.0
        D:4 |     210 |       2 |   0.9 |      10 |       1 |   9.1
        D:5 |     859 |       0 |   0.0 |      25 |       0 |   0.0
        D:6 |    1412 |     264 |  15.8 |      16 |       4 |  20.0
        D:7 |     414 |    3330 |  88.9 |      16 |      17 |  51.5
            +---------+---------+-------+---------+---------+-------
